 Dungeon Crawl Stone Soup version 0.26.1-2-gb8aa6d0cf2 (webtiles) character file.

Game seed: 10687183215381116273

737 Groucho the Digger (level 7, -8/32 HPs)
             Began as a Gargoyle Earth Elementalist on Mar 10, 2021.
             Was a Follower of Hepliaklqana.
             Mangled by an ogre
             ... wielding a +0 giant club
              (22 damage)
             ... on level 5 of the Dungeon.
             The game lasted 00:11:51 (8988 turns).

Groucho the Digger (Gargoyle Earth Elementalist)    Turns: 8988, Time: 00:11:52

Health: -8/32      AC:  7    Str: 12    XL:     7   Next: 74%
Magic:  9/12       EV: 13    Int: 17    God:    Hepliaklqana [*.....]
Gold:   171        SH:  0    Dex: 10    Spells: 7/13 levels left

rFire    . . .     SeeInvis .   e - +0 short sword
rCold    . . .     Faith    .   (no shield)
rNeg     + . .     Spirit   .   s - +0 robe (curse)
rPois    ∞         Reflect  .   (no helmet)
rElec    +         Harm     .   d - +0 cloak
rCorr    .         Rampage  .   (no gloves)
Will     .....                  (no boots)
Stlth    +++.......             (no amulet)
HPRegen  0.10/turn              (no ring)
MPRegen  0.13/turn              (no ring)

@: no status effects
A: reduced essence, negative energy resistance 1, electricity resistance,
unbreathing, petrification resistance, miasma immunity, AC +4
a: Renounce Religion, Recall Ancestor, Ancestor Identity


You were on level 5 of the Dungeon.
You worshipped Hepliaklqana.
Hepliaklqana was aware of your devotion.
You visited 1 branch of the dungeon, and saw 5 of its levels.

You collected 171 gold pieces.

Inventory:

Hand Weapons
 e - a +0 short sword (weapon)
Missiles
 a - 50 poisoned darts
 b - 137 stones
Armour
 c - a +0 robe
 d - a +0 cloak (worn)
 q - a +0 kite shield
 s - a cursed +0 robe (worn)
Jewellery
 f - a +6 ring of strength {unknown}
 g - an uncursed amulet of the acrobat {unknown}
 h - an uncursed ring of protection from cold {unknown}
 p - an uncursed ring of poison resistance {unknown}
Wands
 n - a wand of flame (31)
Scrolls
 i - 3 scrolls of identify {unknown}
 j - 2 scrolls of remove curse {unknown}
 k - 2 scrolls of amnesia {unknown}
 o - a scroll of enchant weapon {unknown}
 r - 2 scrolls of enchant armour {unknown}
 u - a scroll of teleportation {unknown}
 v - a scroll of fog {unknown}
Potions
 l - a potion of cancellation {unknown}
 t - a potion of experience {unknown}


   Skills:
 + Level 3.3 Dodging
 + Level 4.9 Stealth
 + Level 3.8 Spellcasting
 - Level 3.0 Transmutations
 + Level 5.8 Earth Magic
 + Level 0.0 Invocations


You had 7 spell levels left.
You knew the following spells:

 Your Spells              Type           Power        Failure   Level
a - Sandblast             Erth           46%          1%          1
b - Passwall              Tmut/Erth      15%          4%          2
c - Stone Arrow           Conj/Erth      26%          14%         3

Your spell library contained the following spells:

 Spells                   Type           Power        Failure   Level
 Petrify                  Tmut/Erth      18%          26%         4
 Lee's Rapid Deconstruct  Erth           11%          38%         5


Dungeon Overview and Level Annotations

Branches:
Dungeon (5/15)
 Temple: D:4-7

Altars:
Ashenzari
Hepliaklqana
Kikubaaqudgha
Nemelex Xobeh
Ru
Wu Jian
Yredelemnul
The Shining One


Innate Abilities, Weirdness & Mutations

You are resistant to torment.
Your stone body is resilient. (AC +4)
You are immune to poison.
You resist negative energy. (rN+)
You are resistant to electric shocks. (rElec)
You can survive without breathing.
You are immune to petrification.
You are immune to miasma.
Your life essence is reduced to manifest your ancestor. (-10% HP)


Message History

Unknown command.
Unknown command.
Unknown command.
Casting: Sandblast (safe; 1% risk of failure)
Confirm with . or Enter, or press ? or * to list all spells.
Aiming: Passwall (safe; 4% risk of failure)
Press: ? - help, Dir - move target, p - ogre A rock wall.
This rock feels extremely deep.
Unknown command.
Unknown command.
Unknown command.
Casting: Passwall (safe; 4% risk of failure)
Confirm with . or Enter, or press ? or * to list all spells.
Aiming: Passwall (safe; 4% risk of failure)
Press: ? - help, Dir - move target A rock wall.
The ogre hits you with a +0 giant club!!
Ouch! That really hurt!
You die...

#.....# #.....# #.....#
#.....#
#############..##########
.##.##..##.###'###......#
...............#.......#
.........÷.....'..[....#
...............#@OO....#
.####...##'##..##.##..####
.#####'###.##..##.##..##.##
...................#......#
...................#..R...#
...................#......#
...####...###..##'##..##5##
...#
...#######.##..##.####.###
....
...#......................


You could see 2 ogres.

Vanquished Creatures
  A sky beast (D:5)
  A hornet zombie (D:5)
  A phantom (D:4)
  A scorpion (D:5)
  Ijyb (D:3)
  A worker ant (D:5)
  5 adders
  An ooze (D:2)
  5 dart slugs
  A leopard gecko (D:2)
  An orc (D:4)
  3 bats
  5 giant cockroaches
  3 goblins
  8 hobgoblins
  A jackal (D:3)
  9 kobolds
  2 quokkas
  A ball python (D:1)
  4 frilled lizards
  6 rats
61 creatures vanquished.

Vanquished Creatures (collateral kills)
  A sky beast (D:5)
  A phantom (D:5)
  A centaur zombie (D:5)
  A worker ant (D:4)
  An adder (D:3)
  An ooze (D:3)
  A worm (D:3)
  A ball python (D:3)
  2 giant cockroaches (D:3)
  A hobgoblin (D:3)
  2 jackals (D:3)
  A kobold (D:3)
  A bat (D:3)
  A jackal skeleton (D:5)
  A rat (D:3)
17 creatures vanquished.

Grand Total: 78 creatures vanquished

Notes
Turn   | Place    | Note
-------+----------+-------------------------------------------
     0 | D:1      | Groucho the Gargoyle Earth Elementalist began the quest for
                  | the Orb.
     0 | D:1      | Reached XP level 1. HP: 10/10 MP: 3/3
   871 | D:1      | Reached XP level 2. HP: 15/15 MP: 5/5
   944 | D:1      | Reached skill level 1 in Transmutations
  1868 | D:1      | Found a sparkling altar of Nemelex Xobeh.
  2078 | D:1      | Reached XP level 3. HP: 19/19 MP: 6/6
  2329 | D:2      | Reached skill level 4 in Earth Magic
  3016 | D:2      | Reached XP level 4. HP: 24/24 MP: 7/7
  3923 | D:2      | Found a hazy altar of Hepliaklqana.
  3923 | D:2      | Found an ancient bone altar of Kikubaaqudgha.
  3923 | D:2      | Found a sparkling altar of Nemelex Xobeh.
  3929 | D:2      | Found a basalt altar of Yredelemnul.
  3931 | D:2      | Found a broken altar of Ashenzari.
  3935 | D:2      | Became a worshipper of Hepliaklqana the Forgotten
  4054 | D:3      | Noticed Ijyb
  4073 | D:3      | Killed Ijyb
  4644 | D:3      | Reached XP level 5. HP: 25/25 MP: 9/9
  4654 | D:3      | Learned a level 2 spell: Passwall
  4658 | D:3      | Learned a level 3 spell: Stone Arrow
  5225 | D:3      | Found an ornate altar of the Wu Jian Council.
  5495 | D:4      | Reached * piety under Hepliaklqana
  5645 | D:4      | Found a sand-covered staircase.
  5745 | D:4      | Noticed a phantom
  6404 | D:4      | Killed a phantom
  6405 | D:4      | Reached XP level 6. HP: 24/28 MP: 1/10
  6948 | D:4      | Found a sacrificial altar of Ru.
  6948 | D:4      | Found a glowing golden altar of the Shining One.
  7011 | D:5      | Entered Level 5 of the Dungeon
  7011 | D:5      | Noticed a sky beast
  7026 | D:5      | Reached skill level 5 in Earth Magic
  7037 | D:5      | Killed a sky beast
  7701 | D:5      | Reached XP level 7. HP: 29/32 MP: 12/12
  8988 | D:5      | Mangled by an ogre

Illustrated notes

Levels and vault maps discovered:
D:1:      wander_arrival_desolate, layout_basic, nemelex_diamond_rough_becter
D:2:      layout_rooms, minitemple, serial_aquarium, aquarium_bridge_square
          [aquarium_subvault_window, aquarium_subvault_bridge,
          aquarium_subvault_wall, aquarium_subvault_wall], aquarium_window_fake,
          aquarium_window_2, aquarium_view_2d, minmay_tall_x
D:3:      layout_basic, marbit_many_paths, uniq_ijyb
D:4:      layout_cave_pools, amethyst_overflow_temple_binary, enter_ossuary_2
D:5:      layout_gridville, uniq_grinder

Skill      XL: |  1  2  3  4  5  6  7 |
---------------+----------------------+-----
Transmutations | 1 2 3 |  3.0
Earth Magic    | 4 5 |  5.8
Dodging        | 2 3 |  3.3
Stealth        | 3 4 |  4.9
Spellcasting   | 3 |  3.8

Action                   |  1- 3 |  4- 6 |  7- 9 || total
-------------------------+-------+-------+-------++-------
Melee: Unarmed           |    24 |       |       ||    24
       Short sword       |    93 |   173 |    17 ||   283
 Cast: Sandblast         |     8 |    12 |    15 ||    35
       Stone Arrow       |       |     2 |       ||     2
       Passwall          |       |       |     1 ||     1
  Use: Potion            |       |     1 |     1 ||     2
 Stab: Sleeping          |     4 |     6 |     1 ||    11
Armor: Robe              |    35 |    80 |     3 ||   118
Dodge: Dodged            |    81 |   141 |    21 ||   243
